 Dungeon Crawl Stone Soup version 0.29-a0-275-g389c0b56f3 (webtiles) character file.

Game seed: 16321944352422240831

166 dracfodder the Firebug (level 5, -4/28 HPs)
             Began as a Gargoyle Fire Elementalist on Mar 10, 2022.
             Slain by bande's ghost (14 damage)
             ... on level 3 of the Dungeon.
             The game lasted 00:19:30 (3935 turns).

dracfodder the Firebug (Gargoyle Fire Elementalist) Turns: 3935, Time: 00:19:31

Health: -4/28      AC:  7    Str: 12    XL:     5   Next: 47%
Magic:  4/10       EV: 12    Int: 17    God:
Gold:   142        SH:  0    Dex: 10    Spells: 4/10 levels left

rFire   + . .      SeeInvis .   a - +7 falchion of dracfodder's Woe {speed, rElec rF+}
rCold   . . .      Faith    .   (no shield)
rNeg    + . .      Spirit   .   f - +0 robe
rPois   ∞          Reflect  .   (no helmet)
rElec   +          Harm     .   (no cloak)
rCorr   .          Rampage  .   m - +0 pair of gloves
Will    .....                   (no boots)
Stlth   ++........              (no amulet)
HPRegen 0.09/turn               (no ring)
MPRegen 0.12/turn               (no ring)

@: no status effects
A: sickness immunity, AC +4, negative energy resistance 1, electricity
resistance, torment resistance 1, petrification resistance
a: no special abilities


You were on level 3 of the Dungeon.
You visited 1 branch of the dungeon, and saw 4 of its levels.

You collected 142 gold pieces.

Inventory:

Hand Weapons
 a - the +7 falchion of dracfodder's Woe (weapon) {speed, rElec rF+}
   (You found it on level 2 of the Dungeon)

   Attacks with this weapon are significantly faster.
   rF:        It protects you from fire.
   rElec:     It insulates you from electricity.
 e - a +1 dagger
Missiles
 i - 141 stones
Armour
 f - a +0 robe (worn)
 m - a +0 pair of gloves (worn)
Magical Staves
 b - a staff of fire
Wands
 g - a wand of mindburst (21)
Scrolls
 c - a scroll of teleportation
Potions
 d - 3 potions of curing
 h - a potion of magic


   Skills:
 + Level 0.1 Throwing
 + Level 2.1 Dodging
 + Level 2.4 Stealth
 * Level 3.4 Spellcasting
 + Level 2.5 Conjurations
 + Level 4.0 Fire Magic


You had 4 spell levels left.
You knew the following spells:

 Your Spells              Type           Power      Damage    Failure   Level
a - Foxfire               Conj/Fire      56%        2x1d6     4%          1
b - Scorch                Fire           32%        2d6       4%          2
c - Conjure Flame         Conj/Fire      14%        6-21      13%         3

Your spell library contained the following spells:

 Spells                   Type           Power      Damage    Failure   Level
 Inner Flame              Hex/Fire       9%         N/A       22%         3
 Flame Wave               Conj/Fire      14%        2d6       41%         4


Dungeon Overview and Level Annotations

Branches:
Dungeon (4/15)
 Temple: D:4-7

Altars:

Annotations:
D:3 bande's ghost, amateur GrFi


Innate Abilities, Weirdness & Mutations

You are immune to sickness and miasma.
Your stone body is resilient. (AC +4)
You are immune to poison.
You resist negative energy. (rN+)
You are resistant to electric shocks. (rElec)
You are resistant to unholy torment.
You are immune to petrification.


Message History

Bande's ghost hits you but does no damage.
You closely miss bande's ghost.
The foxfire hits bande's ghost.
Bande's ghost is lightly damaged.
The foxfire hits bande's ghost.
Bande's ghost is moderately damaged.
Bande's ghost hits you.
Casting: Foxfire (safe; 4% risk of failure)
Confirm with . or Enter, or press ? or * to list all spells.
You conjure some foxfire!
Bande's ghost hits you.
You hit bande's ghost.
Bande's ghost is heavily damaged.
The foxfire hits bande's ghost but does no damage.
Bande's ghost is heavily damaged.
The foxfire hits bande's ghost but does no damage.
Bande's ghost is heavily damaged.
Bande's ghost misses you.
Casting: Foxfire (safe; 4% risk of failure)
Confirm with . or Enter, or press ? or * to list all spells.
You conjure some foxfire!
Bande's ghost hits you!
You hit bande's ghost but do no damage.
Bande's ghost is heavily damaged.
The foxfire hits bande's ghost but does no damage.
Bande's ghost is heavily damaged.
The foxfire hits bande's ghost but does no damage.
Bande's ghost is heavily damaged.
Bande's ghost hits you.
* * * LOW HITPOINT WARNING * * *
You feel better. Bande's ghost hits you.
Casting: Scorch (safe; 4% risk of failure)
Press: ? - help, Q - select action, (/) - cycle Dir - look around, f - activate Flames lash bande's ghost but do no damage.
Bande's ghost hits you but does no damage.
Casting: Scorch (safe; 4% risk of failure)
Press: ? - help, Q - select action, (/) - cycle Dir - look around, f - activate Flames lash bande's ghost but do no damage.
Bande's ghost hits you!
* * * LOW HITPOINT WARNING * * *
You feel better. Bande's ghost hits you!
Ouch! That really hurt!
You die...

######.## #.......##
#.####...###########
.###.####.............#
.......##...#########.#
#.......## #.# #######......# #.#
≈≈≈≈≈≈#.....## #.# r[≈≈≈BW@.#..#
#.# ≈≈≈≈≈≈#.##..# ###.# ###
#######.....# #...# #.# ####'##
#.### ### #.# ##...## #.# ..#
#.#### ##.....## #.# #.# #.##.##
##.......## ##.##
#.####.#...####?........####...##
.............>'[........'.......#


You could see bande's ghost, a river rat (wandering) and a giant cockroach.

Vanquished Creatures
  An orc priest (D:3)
  An orc wizard (D:3)
  3 adders (D:2)
  A worm (D:2)
  8 dart slugs
  An orc (D:3)
  5 endoplasms
  2 giant cockroaches (D:1)
  4 goblins
  3 hobgoblins
  6 jackals
  2 quokkas
  5 ball pythons
  9 bats
  5 frilled lizards
  10 kobolds
  3 rats
69 creatures vanquished.

Vanquished Creatures (others)
  127 foxfires
  7 plants (D:2)
134 creatures vanquished.

Grand Total: 203 creatures vanquished

Notes
Turn   | Place    | Note
-------+----------+-------------------------------------------
     0 | D:1      | dracfodder the Gargoyle Fire Elementalist began the quest
                  | for the Orb.
     0 | D:1      | Reached XP level 1. HP: 10/10 MP: 3/3
   321 | D:1      | Reached XP level 2. HP: 15/15 MP: 1/5
   437 | D:1      | Learned a level 2 spell: Scorch
  1263 | D:1      | Reached XP level 3. HP: 19/19 MP: 3/6
  1381 | D:1      | Learned a level 3 spell: Conjure Flame
  1627 | D:2      | Found a faded altar of an unknown god.
  2155 | D:2      | Reached XP level 4. HP: 24/24 MP: 2/8
  2860 | D:2      | Identified the +7 falchion of dracfodder's Woe {speed,
                  | rElec rF+}
  3037 | D:4      | Noticed an ogre
  3283 | D:3      | Found a runed translucent door.
  3373 | D:3      | Reached skill level 4 in Fire Magic
  3373 | D:3      | Reached XP level 5. HP: 12/28 MP: 0/10
  3921 | D:3      | Noticed bande's ghost (amateur GrFi)
  3935 | D:3      | Slain by bande's ghost

Illustrated notes

Levels and vault maps discovered:
D:1:      ncdulo_smallfort, layout_basic
D:2:      layout_loops_ring, basic_ecumenical_altar, lexackson_kobold_supper
D:3:      layout_loops_corners, chei_slow_surprise, ebering_ghost_sewer_f
D:4:      kennysheep_slugbush, layout_cave_pools, uniq_menkaure

Skill      XL: |  1  2  3  4  5 |
---------------+----------------+-----
Dodging        | 2 |  2.1
Spellcasting   | 3 |  3.4
Fire Magic     | 4 |  4.0
Conjurations   | 2 |  2.5
Throwing       | |  0.1
Stealth        | |  2.4

Action                   |  1- 3 |  4- 6 || total
-------------------------+-------+-------++-------
Melee: Staff             |     9 |    10 ||    19
       Falchion          |       |    10 ||    10
Throw: Stone             |       |     6 ||     6
 Cast: Foxfire           |    40 |    33 ||    73
       Scorch            |    15 |     9 ||    24
       Conjure Flame     |     1 |     3 ||     4
  Use: Scroll            |     6 |     3 ||     9
       Potion            |       |     2 ||     2
 Stab: Sleeping          |       |     2 ||     2
Armor: Robe              |     4 |    13 ||    17
Dodge: Dodged            |     4 |     9 ||    13

Table legend: (Time is in decaauts)
 A = Elapsed time spent in this place.
 B = Non-inter-level travel time spent in this place.
 C = Inter-level travel time spent in this place.
 D = Time resting spent in this place.
 E = Time spent auto-exploring this place.
 F = Levels seen in this place.
 G = Mean time per level.
                   A        B        C        D        E       F      G
               +--------+--------+--------+--------+--------+-----+--------+
         Total |   3941 |   3843 |     98 |   1438 |   1799 |   4 |  985.2 |
       Dungeon |   3941 |   3843 |     98 |   1438 |   1799 |   4 |  985.2 |
               +--------+--------+--------+--------+--------+-----+--------+

Top non-repeatable levels by time:
     D:1: 1559 daAuts
     D:2: 1366 daAuts
     D:3: 997 daAuts
     D:4: 18 daAuts
